General information
			
			
        
        - name: BNet
 
        - type: Ladder team game (AT/RT)
 
        - host: Battle.net
 
        - saver: thelaghotel
 
        
map: TwistedMeadows 
        - players: 4
 
        - length: 18:31
 
        - speed: Fast
 - version: 1.22 W3XP
 - replay type:  Public
 
» download(100 KB)
Players
        team 1 (loser) 
              
              
» 
azure.fighting (
pink | 71 APM | 1322 actions | 18:29)
              
 4 Pandaren Brewmaster 
 2 Breath of Fire
 2 Drunken Haze
 
                » actions 
                
                | Assign group hotkey | 52 |  | 
| Basic commands | 107 |  | 
| Build / train | 78 |  | 
| ESC pressed | 6 |  | 
| Enter build submenu | 15 |  | 
| Enter hero's abilities submenu | 4 |  | 
| Give item / drop item | 1 |  | 
| Remove unit from queue | 1 |  | 
| Right click | 515 |  | 
| Select / deselect | 236 |  | 
| Select group hotkey | 190 |  | 
| Use ability | 117 |  | 
                1322 total
 » units 
                
                | Wisp | 16 |  | 
| Archer | 1 |  | 
| Huntress | 3 |  | 
| Druid of the Claw | 26 |  | 
| Goblin Shredder | 1 |  | 
                47 total
 » upgrades
                
                | Druid of the Claw Training | 2 |  | 
| Mark of the Claw | 1 |  | 
| Well Spring | 1 |  | 
                4 total
 » buildings
                
                | Altar of Elders | 1 |  | 
| Moon Well | 5 |  | 
| Ancient of War | 1 |  | 
| Hunter's Hall | 1 |  | 
| Tree of Ages | 3 |  | 
| Ancient Protector | 1 |  | 
| Tree of Eternity | 2 |  | 
| Ancient of Lore | 2 |  | 
| Tree of Life | 1 |  | 
                17 total
 » build order
                00:04 Altar of Elders
00:20 Moon Well
01:19 Ancient of War
01:56 Hunter's Hall
03:17 Tree of Ages
03:17 Tree of Ages
03:18 Tree of Ages
03:52 Moon Well
03:54 Moon Well
04:06 Ancient Protector
05:38 Tree of Eternity
05:38 Tree of Eternity
05:40 Ancient of Lore
05:42 Ancient of Lore
06:46 Tree of Life
16:44 Moon Well
16:47 Moon Well
» items
                
                | Scroll of Town Portal | 2 |  | 
| Scroll of Healing | 3 |  | 
| Potion of Invisibility | 2 |  | 
| Staff of Teleportation | 1 |  | 
| Potion of Lesser Invulnerability | 1 |  | 
                9 total
  
               
              
              
» 
Skus900 (
yellow | 39 APM | 688 actions | 17:35)
              
 3 Keeper of the Grove 
 2 Entangling Roots
 1 Thorns Aura
 2 Priestess of the Moon 
 1 Trueshot Aura
 1 Searing Arrows
 
                » actions 
                
                | Assign group hotkey | 34 |  | 
| Basic commands | 67 |  | 
| Build / train | 65 |  | 
| Enter build submenu | 12 |  | 
| Enter hero's abilities submenu | 5 |  | 
| Right click | 130 |  | 
| Select / deselect | 211 |  | 
| Select group hotkey | 131 |  | 
| Use ability | 33 |  | 
                688 total
 » units 
                
                | Wisp | 12 |  | 
| Archer | 12 |  | 
| Dryad | 12 |  | 
| Druid of the Talon | 8 |  | 
| Glaive Thrower | 2 |  | 
                46 total
 » upgrades
                
                | Improved Bows | 1 |  | 
| Ultravision | 1 |  | 
| Strength of the Moon | 1 |  | 
| Moon Armor | 1 |  | 
| Abolish Magic | 1 |  | 
| Strength of the Wild | 2 |  | 
| Reinforced Hides | 2 |  | 
| Vorpal Blades | 1 |  | 
| Nature's Blessing | 1 |  | 
                11 total
 » buildings
                
                | Altar of Elders | 1 |  | 
| Moon Well | 5 |  | 
| Ancient of War | 1 |  | 
| Tree of Ages | 1 |  | 
| Hunter's Hall | 1 |  | 
| Ancient of Lore | 1 |  | 
| Ancient of Wind | 1 |  | 
                11 total
 » build order
                00:09 Altar of Elders
00:11 Moon Well
00:56 Ancient of War
01:18 Moon Well
02:17 Moon Well
04:09 Tree of Ages
05:00 Moon Well
05:30 Hunter's Hall
06:08 Moon Well
06:44 Ancient of Lore
07:09 Ancient of Wind
 
               team 2 (winner) 
              
              
» 
thelaghotel (
blue | 95 APM | 1766 actions | 18:31)
              
 5 Demon Hunter 
 3 Mana Burn
 2 Evasion
 5 Naga Sea Witch 
 2 Frost Arrows
 3 Forked Lightning
 1 Shadow Hunter 
 1 Hex
 
                » actions 
                
                | Assign group hotkey | 174 |  | 
| Basic commands | 99 |  | 
| Build / train | 86 |  | 
| ESC pressed | 1 |  | 
| Enter build submenu | 13 |  | 
| Enter hero's abilities submenu | 11 |  | 
| Give item / drop item | 4 |  | 
| Remove unit from queue | 2 |  | 
| Right click | 786 |  | 
| Select / deselect | 386 |  | 
| Select group hotkey | 105 |  | 
| Use ability | 99 |  | 
                1766 total
 » units 
                
                | Wisp | 18 |  | 
| Archer | 9 |  | 
| Dryad | 7 |  | 
| Druid of the Claw | 2 |  | 
| Demolisher | 2 |  | 
| Grunt | 2 |  | 
| Raider | 4 |  | 
                44 total
 » upgrades
                
                | Strength of the Wild | 2 |  | 
| Improved Bows | 1 |  | 
| Abolish Magic | 1 |  | 
| Reinforced Hides | 2 |  | 
| Druid of the Claw Training | 2 |  | 
| Burning Oil | 1 |  | 
| Well Spring | 1 |  | 
| Ranged Weapons | 0 |  | 
| Armor | 1 |  | 
| Melee Weapons | 1 |  | 
                12 total
 » buildings
                
                | Altar of Elders | 1 |  | 
| Moon Well | 5 |  | 
| Ancient of War | 1 |  | 
| Tree of Ages | 1 |  | 
| Hunter's Hall | 1 |  | 
| Ancient of Wonders | 1 |  | 
| Ancient of Lore | 2 |  | 
| Tree of Life | 1 |  | 
| Tree of Eternity | 1 |  | 
                14 total
 » build order
                00:07 Altar of Elders
00:22 Moon Well
00:52 Ancient of War
01:30 Moon Well
02:07 Moon Well
03:13 Tree of Ages
04:26 Hunter's Hall
04:53 Ancient of Wonders
06:27 Ancient of Lore
06:46 Ancient of Lore
07:23 Moon Well
07:58 Tree of Life
08:41 Moon Well
14:27 Tree of Eternity
» items
                
                | Boots of Speed | 1 |  | 
| Staff of Preservation | 2 |  | 
| Moonstone | 1 |  | 
| Potion of Lesser Invulnerability | 1 |  | 
| Potion of Healing | 3 |  | 
| Scroll of Town Portal | 2 |  | 
| Dust of Appearance | 1 |  | 
                11 total
  
               
              
              
ohllwe (
purple | 173 APM | 2536 actions | 14:40)
              
 5 Blademaster 
 3 Wind Walk
 2 Critical Strike
 4 Shadow Hunter 
 2 Hex
 2 Healing Wave
 
                » actions 
                
                | Assign group hotkey | 657 |  | 
| Basic commands | 176 |  | 
| Build / train | 57 |  | 
| Enter build submenu | 16 |  | 
| Enter hero's abilities submenu | 10 |  | 
| Give item / drop item | 3 |  | 
| Right click | 589 |  | 
| Select / deselect | 572 |  | 
| Select group hotkey | 398 |  | 
| Use ability | 56 |  | 
                2536 total
 » units 
                
                | Peon | 8 |  | 
| Grunt | 5 |  | 
| Demolisher | 5 |  | 
| Raider | 3 |  | 
                21 total
 » upgrades
                
                | Berserker Strength | 1 |  | 
| Armor | 2 |  | 
| Ensnare | 1 |  | 
| Melee Weapons | 1 |  | 
                5 total
 » buildings
                
                | Altar of Storms | 1 |  | 
| Orc Burrow | 6 |  | 
| Barracks | 1 |  | 
| Voodoo Lounge | 1 |  | 
| Stronghold | 1 |  | 
| War Mill | 1 |  | 
| Beastiary | 1 |  | 
| Fortress | 2 |  | 
                14 total
 » build order
                00:07 Altar of Storms
00:19 Orc Burrow
00:33 Barracks
01:28 Orc Burrow
01:42 Voodoo Lounge
02:55 Stronghold
03:48 Orc Burrow
04:25 War Mill
05:47 Orc Burrow
08:03 Beastiary
09:06 Orc Burrow
10:54 Fortress
11:31 Orc Burrow
» items
                
                | Healing Salve | 4 |  | 
| Potion of Mana | 2 |  | 
| Potion of Healing | 2 |  | 
| Scroll of Speed | 1 |  | 
| Lesser Clarity Potion | 1 |  | 
| Scroll of Town Portal | 1 |  | 
                11 total
  
                Chat log
          (00:12 / Allies) thelaghotel: dh
(00:14 / Allies) thelaghotel: archer
(00:14 / Allies) thelaghotel: ty
(00:26 / Allies) thelaghotel: u?
(00:36 / Allies) ohllwe: bm grunt raidres
(00:40 / Allies) thelaghotel: k
(00:44 / Allies) thelaghotel: get demo instead of walkers
(00:46 / Allies) thelaghotel: i get dryads
(00:52 / Allies) ohllwe: ok
(01:09 / Allies) thelaghotel: archer dryad 
(01:10 / Allies) thelaghotel: maybe dot
(01:12 / Allies) thelaghotel: maybe hippo
(08:57 / Allies) thelaghotel: rdy to hit soon?
(09:47 / Allies) thelaghotel: go
(10:25 / All) thelaghotel: gg?
(10:49 / Allies) thelaghotel: 1 sec
(10:51 / Allies) thelaghotel: let dh heal
(11:32 / Allies) thelaghotel: check
(11:33 / Allies) thelaghotel: ftw
(11:42 / Allies) thelaghotel: burrow
(11:45 / Allies) thelaghotel: dont tp
(11:47 / Allies) thelaghotel: qq
(11:48 / Allies) thelaghotel: w/e
(11:52 / Allies) thelaghotel: it was lure
(11:56 / Allies) thelaghotel: and u fell for it
(12:30 / All) thelaghotel: nub ally
(12:50 / Allies) thelaghotel: come now
(12:53 / Allies) thelaghotel: dont get distracted
(12:55 / Allies) thelaghotel: u have tp?
(13:07 / Allies) thelaghotel: meet
(14:36 / Allies) thelaghotel: ftw
(15:45 / All) thelaghotel: had to dh him
(15:46 / All) thelaghotel: he sucked
(16:20 / All) thelaghotel: i have 2 expos
(16:21 / All) thelaghotel: gg